 Dungeon Crawl Stone Soup version 0.28.0 (webtiles) character file.

Game seed: 6248964277894059371

42 Sanktem7 the Skirmisher (level 3, -1/34 HPs)
             Began as a Minotaur Fighter on Feb 9, 2022.
             Slain by Terence (2 damage)
             ... on level 2 of the Dungeon.
             The game lasted 00:01:30 (1106 turns).

Sanktem7 the Skirmisher (Minotaur Fighter)          Turns: 1106, Time: 00:01:33

Health: -1/34      AC:  8    Str: 22    XL:     3   Next: 33%
Magic:  2/2        EV:  9    Int:  5    God:
Gold:   24         SH:  4    Dex:  9    Spells: 2/2 levels left

rFire   . . .      SeeInvis .   a - +0 long sword
rCold   . . .      Faith    .   c - +0 buckler
rNeg    . . .      Spirit   .   b - +0 scale mail
rPois   .          Reflect  .   (helmet restricted)
rElec   .          Harm     .   (no cloak)
rCorr   .          Rampage  .   e - +0 pair of gloves
Will    .....                   (no boots)
Stlth   ..........              (no amulet)
HPRegen 0.11/turn               (no ring)
MPRegen 0.08/turn               (no ring)

@: mighty
A: horns 2, retaliatory headbutt
a: no special abilities


You were on level 2 of the Dungeon.
You visited 1 branch of the dungeon, and saw 2 of its levels.

You collected 24 gold pieces.

Inventory:

Hand Weapons
 a - a +0 long sword (weapon)
Missiles
 h - 55 arrows
Armour
 b - a +0 scale mail (worn)
 c - a +0 buckler (worn)
 e - a +0 pair of gloves (worn)
Jewellery
 f - an amulet of faith
 k - a ring of protection from cold
Scrolls
 j - a scroll of identify {unknown}
 l - 3 scrolls of fog {unknown}
 m - a scroll of immolation {unknown}
Potions
 g - a potion of lignification {unknown}
 i - a potion of degeneration {unknown}
 n - a potion of curing {unknown}


   Skills:
 * Level 4.4 Fighting
 * Level 3.2 Long Blades
 * Level 4.2 Armour
 - Level 3.6 Shields


You had 2 spell levels left.
You didn't know any spells.
Your spell library was empty.

Dungeon Overview and Level Annotations

Branches:
Dungeon (2/15)

Altars:

Annotations:
D:2 Terence


Innate Abilities, Weirdness & Mutations

You have a pair of horns on your head.
You reflexively headbutt those who attack you in melee.


Message History

You hear a zap.
You hear a grinding noise.
You drop a +0 pair of gloves.
You hear a zap.
You hear a grinding noise.
n - a brown potion You hear a zap.
You hear a grinding noise.
Found a stone staircase leading up.
Found a stone staircase leading up.
Found a stone staircase leading down.
You now have 24 gold pieces (gained 12).
Found a mace.
Found 19 bolts.
Found 14 stones.
Found a stone staircase leading down.
Terence the Incautious comes into view.
He is wielding a +0 flail and wearing a +2 chain mail of cold resistance.
Terence shouts!
Terence moves out of view.
Terence is nearby!
Terence is nearby!
Terence shouts, "Now you die!" Terence hits you with a +0 flail.
You barely miss Terence. You headbutt Terence, but do no damage.
You block Terence's attack.
You hit Terence but do no damage. Terence hits you with a +0 flail!
Terence hits you with a +0 flail.
You barely miss Terence. Terence hits you but does no damage.
You hit Terence.
Terence is lightly wounded.
Terence hits you with a +0 flail!
* * * LOW HITPOINT WARNING * * *
You barely miss Terence.
Terence is lightly wounded.
Terence hits you with a +0 flail.
* * * LOW HITPOINT WARNING * * *
You hit Terence but do no damage.
Terence is lightly wounded.
Terence hits you with a +0 flail.
* * * LOW HITPOINT WARNING * * *
You block Terence's attack.
You feel very mighty all of a sudden. Terence hits you with a +0 flail.
You die...

..........>.......###.#
......<....##.....(...#
......###.##.##......##
....#.# #....###.....# #
.#.##.# #..#.###.....#.(
.#.##.# #..##.##.......#
.#.##......###......##.#
.#....###.## ##......#..
.### #.# #.@@##.... .#
#.# #..#..#... .# #.
....)..#..# ##
###........# #.###>..#
##### ..# ..... .....
### ## # ###


You could see Terence.

Vanquished Creatures
  Natasha (D:2)
  A dart slug (D:1)
  4 ball pythons (D:1)
  A goblin (D:1)
  A hobgoblin (D:2)
  A kobold (D:1)
  A quokka (D:1)
  A bat (D:1)
  2 rats
13 creatures vanquished.

Notes
Turn   | Place    | Note
-------+----------+-------------------------------------------
     0 | D:1      | Sanktem7 the Minotaur Fighter began the quest for the Orb.
     0 | D:1      | Reached XP level 1. HP: 19/19 MP: 0/0
   293 | D:1      | Found a faded altar of an unknown god.
   359 | D:1      | Reached XP level 2. HP: 26/27 MP: 1/1
  1044 | D:2      | Noticed Natasha
  1050 | D:2      | Killed Natasha
  1051 | D:2      | Reached XP level 3. HP: 33/34 MP: 2/2
  1094 | D:2      | Noticed Terence
  1105 | D:2      | HP: 1/34 [Terence (3)]
  1106 | D:2      | Slain by Terence

Illustrated notes

Levels and vault maps discovered:
D:1:      erik_arrival_cave_to_civilisation [erik_arrival_cave_to_temple],
          layout_basic, basic_ecumenical_altar
D:2:      layout_loops_ring, minmay_misc_feat_square, uniq_natasha,
          uniq_terence, uniq_sigmund

Skill      XL: |  1  2 |
---------------+-------+-----
Fighting       | 4 |  4.4
Long Blades    | 3 |  3.2
Armour         | 4 |  4.2
Shields        | |  3.6

Action                   || total
-------------------------++-------
Melee: Long sword        ||    44
       Headbutt          ||     5
  Use: Potion            ||     1
Armor: Scale mail        ||    18
Dodge: Dodged            ||    17
Block: Buckler           ||    11
